 Dungeon Crawl Stone Soup version 0.31-a0-1540-g5a0b83f (webtiles) character file.

Game seed: 147863389433357542

443 PublicAnimeNo1 the Insei (level 6, 0/47 HPs)
             Began as a Demonspawn Alchemist on Jan 1, 2024.
             Incinerated by a bombardier beetle (5 damage)
             ... with a burning spray
             ... on level 5 of the Dungeon.
             The game lasted 00:07:42 (4716 turns).

PublicAnimeNo1 the Insei (Demonspawn Alchemist)     Turns: 4716, Time: 00:07:43

Health: 0/47       AC:  7    Str: 11    XL:     6   Next: 71%
Magic:  5/9        EV: 10    Int: 15    God:
Gold:   204        SH:  0    Dex: 13    Spells: 8/9 levels left

rFire   . .          .
                       - Unarmed
rCold   + . .        (no shield)
rNeg    . . .        q - +2 ring mail {rC+}
rPois   .            (helmet restricted)
rElec   .            (no cloak)
rCorr   .            (no gloves)
SInv    .            (no boots)
Will    .....        (no amulet)
Stlth   +            (no ring)
HPRegen 0.27/turn    (no ring)
MPRegen 0.11/turn

%: no passive effects
@: on fire, very slightly contaminated, glowing
A: antennae 1, claws 2
a: no special abilities


You were on level 5 of the Dungeon.
You visited 1 branch of the dungeon, and saw 5 of its levels.

You collected 230 gold pieces.
You spent 26 gold pieces at shops.

Inventory:

Hand Weapons
 c - a +0 dagger
 e - a +1 short sword of flaming
Missiles
 i - a throwing net
Armour
 a - a +1 robe
 q - a +2 ring mail of cold resistance (worn)
Jewellery
 d - a ring of flight
Talismans
 f - a serpent talisman
Wands
 m - a wand of charming (8)
 t - a wand of quicksilver (5)
Scrolls
 h - 7 scrolls of teleportation
 j - a scroll of poison {unknown}
 n - a scroll of noise {unknown}
 p - a scroll of acquirement {unknown}
 r - 2 scrolls of identify
Potions
 b - a potion of magic
 g - a potion of lignification
 k - 3 potions of mutation
 l - a potion of brilliance
 o - a potion of haste
 s - 2 potions of heal wounds


   Skills:
 + Level 3.1 Fighting
 - Level 1.7 Dodging
 - Level 1.7 Stealth
 * Level 4.6 Unarmed Combat
 - Level 2.0 Spellcasting
 - Level 1.0 Conjurations
 - Level 4.2 Alchemy


You had 8 spell levels left.
You knew the following spells:

 Your Spells              Type           Power      Damage    Failure   Level
a - Sting                 Conj/Alch      36%        1d5       19%         1

Your spell library contained the following spells:

 Spells                   Type           Power      Damage    Failure   Level
 Mercury Vapours          Alch/Air       14%        N/A       34%         2
 Freeze                   Ice            4%         1d3       47%         1
 Necrotise                Necr           4%         1d4       47%         1
 Summon Small Mammal      Summ           4%         N/A       47%         1
 Static Discharge         Conj/Air       6%         3-4/arc   54%         2
 Mephitic Cloud           Conj/Alch/Air  6%         N/A       61%         3
 Olgreb's Toxic Radiance  Alch           14%        N/A       67%         4
 Hailstorm                Conj/Ice       3%         3d5       78%         3
 Call Canine Familiar     Summ           1%         N/A       85%         3
 Frozen Ramparts          Ice            2%         1d1       85%         3
 Vampiric Draining        Necr           1%         2d6       85%         3
 Sticky Flame             Fire/Alch      7%         2d4       92%         4
 Airstrike                Air            0%         2d(1-17)  99%         4
 Martyr's Knell           Necr/Summ      1%         N/A       99%         4
 Summon Blazeheart Golem  Fire/Summ      1%         N/A       99%         4
 Summon Lightning Spire   Summ/Air       1%         N/A       99%         4
 Curse of Agony           Necr           1%         N/A       100%        5


Dungeon Overview and Level Annotations

Branches:
Dungeon (5/15)
 Temple: D:4-7

Altars:
Cheibriados

Shops:
D:2 *


Innate Abilities, Weirdness & Mutations

You have a pair of small antennae on your head.
You have very sharp fingernails.


Message History

The bombardier beetle sprays incendiary fluid at you.
The burning spray hits you.
You are covered in liquid fire!
The sting hits the bombardier beetle but does no damage.
The bombardier beetle is poisoned.
The liquid fire burns you!
The sting hits the bombardier beetle.
The bombardier beetle looks even sicker.
The bombardier beetle is heavily wounded.
The liquid fire burns you!
You miscast Sting.
You are very lightly contaminated with residual magic.
Nothing appears to happen.
The liquid fire burns you!
Aiming: Sting (safe; 19% risk of failure)
Press: ? - help, Q - select action, (/) - cycle Shift-Dir - straight line, f/p - bombardier beetle
Aim: a bombardier beetle (severely wounded, very poisoned, 81% to hit)
You miscast Sting.
Nothing appears to happen.
The liquid fire burns you!
The bombardier beetle sprays incendiary fluid at you.
The burning spray misses you.
Aiming: Sting (safe; 19% risk of failure)
Press: ? - help, Q - select action, (/) - cycle Shift-Dir - straight line, f/p - bombardier beetle
Aim: a bombardier beetle (almost dead, very poisoned, 81% to hit)
The sting hits the bombardier beetle.
The bombardier beetle looks even sicker.
You kill the bombardier beetle!
The liquid fire burns you! The liquid fire burns you!
The liquid fire burns you! The liquid fire burns you!
* * * LOW HITPOINT WARNING * * *
The liquid fire burns you!
* * * LOW HITPOINT WARNING * * *
The liquid fire burns you!
* * * LOW HITPOINT WARNING * * *
The liquid fire burns you!
* * * LOW HITPOINT WARNING * * *
The liquid fire burns you!
You die...

######.#####.# #....#
#.......####.#####....#
#.###..##.......'....'
#.#...........###....#
...###.#.#..<#.#.#.#.....##
#........#..##.#.#.###+#.#
#.####.#....##.#.#.# ..#
###.#.......#.#.# ...##
........@......... ......
.#.#.#...........##....##
#.#.#.#†##..#.. ...#.## #
#.#.<.# ..... ... ..#...#
.... ..## ...## .. .... ..#
. #... ## #


There were no monsters in sight!

Vanquished Creatures
  A phantom (D:4)
  2 bombardier beetles
  A hound (D:5)
  2 iguanas (D:4)
  A sleepcap (D:4)
  4 gnolls (D:4)
  4 adders
  A shadow imp (D:4)
  5 dart slugs
  4 ribbon worms
  5 orcs
  6 endoplasms
  7 giant cockroaches
  6 goblins
  5 hobgoblins
  6 kobolds
  3 quokkas
  10 ball pythons
  6 bats
  4 frilled lizards
  8 rats
91 creatures vanquished.

Notes
Turn   | Place    | Note
-------+----------+-------------------------------------------
     0 | D:1      | PublicAnimeNo1 the Demonspawn Alchemist began the quest for
                  | the Orb.
     0 | D:1      | Reached XP level 1. HP: 13/13 MP: 3/3
   191 | D:1      | Discovered your monstrous ancestry.
   191 | D:1      | Gained mutation: You have sharp fingernails. [demonic
                  | ancestry]
   191 | D:1      | Reached XP level 2. HP: 15/19 MP: 0/5
   674 | D:1      | Reached skill level 1 in Unarmed Combat
   677 | D:1      | Gained mutation: You have very sharp fingernails. [demonic
                  | ancestry]
   677 | D:1      | Reached XP level 3. HP: 24/24 MP: 3/6
  1253 | D:2      | Found Hinga's Assorted Antiques.
  1271 | D:2      | Bought a scroll labelled QUTREDDIPT for 26 gold pieces
  1624 | D:2      | Reached XP level 4. HP: 25/30 MP: 2/7
  2518 | D:3      | Found a snail-covered altar of Cheibriados.
  2680 | D:3      | Reached skill level 1 in Fighting
  3127 | D:4      | Gained mutation: You have a pair of small antennae on your
                  | head. [demonic ancestry]
  3127 | D:4      | Reached XP level 5. HP: 37/37 MP: 8/8
  3759 | D:4      | Reached XP level 6. HP: 19/45 MP: 7/9
  4333 | D:5      | Entered Level 5 of the Dungeon
  4716 | D:5      | Incinerated by a bombardier beetle

Illustrated notes

Levels and vault maps discovered:
D:1:      minmay_arrival_four_houses, layout_rooms
D:2:      minmay_diamond_boxcup, layout_basic, serial_shops,
          nicolae_shop_getting_attention
D:3:      layout_loops_cross, mainiacjoe_overflow_boulevard
D:4:      layout_loops_ring, serial_rivers, chequers_serial_rivers_micro_c,
          chequers_serial_rivers_large_a, chequers_serial_rivers_micro_b,
          chequers_serial_rivers_room_b, chequers_serial_rivers_marsh
D:5:      minmay_inner_zag, layout_basic, marbit_many_paths

Skill      XL: |  1  2  3  4  5  6 |
---------------+-------------------+-----
Unarmed Combat | 1 2 3 4 |  4.6
Alchemy        | 4 |  4.2
Fighting       | 1 2 3 |  3.1
Dodging        | |  1.7
Stealth        | |  1.7
Spellcasting   | |  2.0
Conjurations   | |  1.0

Action                     |  1- 3 |  4- 6 || total
---------------------------+-------+-------++-------
  Melee: Unarmed           |    48 |   123 ||   171
         Dagger            |    28 |       ||    28
         Punch             |       |     1 ||     1
   Cast: Sting             |    55 |    58 ||   113
    Use: Scroll            |     5 |     4 ||     9
         Potion            |       |     1 ||     1
   Stab: Sleeping          |     1 |       ||     1
 Armour: Robe              |    51 |    26 ||    77
         Ring mail         |       |    54 ||    54
  Dodge: Dodged            |    60 |    65 ||   125
         Form:             |       |     1 ||     1
         Serpent           |       |     1 ||     1

Table legend: (Time is in decaauts)
 A = Elapsed time spent in this place.
 B = Non-inter-level travel time spent in this place.
 C = Inter-level travel time spent in this place.
 D = Time resting spent in this place.
 E = Time spent auto-exploring this place.
 F = Levels seen in this place.
 G = Mean time per level.
                   A        B        C        D        E       F      G
               +--------+--------+--------+--------+--------+-----+--------+
         Total |   4716 |   4631 |     85 |    833 |   3021 |   5 |  943.2 |
       Dungeon |   4716 |   4631 |     85 |    833 |   3021 |   5 |  943.2 |
               +--------+--------+--------+--------+--------+-----+--------+

Top non-repeatable levels by time:
     D:4: 1279 daAuts
     D:2: 1094 daAuts
     D:3: 1003 daAuts
     D:1: 956 daAuts
     D:5: 381 daAuts
